 Dungeon Crawl Stone Soup version 0.23-a0-143-g1adec7bb76 (webtiles) character file.

14851 Napalmbreeze the Cleaver (level 11, -12/106 HPs)
             Began as a Deep Dwarf Fighter on Sept 4, 2018.
             Was an Elder of Makhleb.
             Killed from afar by a swamp worm (23 damage)
             ... with a harpoon shot
             ... on level 2 of the Lair of Beasts.
             The game lasted 00:29:59 (10553 turns).

Napalmbreeze the Cleaver (Deep Dwarf Fighter)      Turns: 10553, Time: 00:29:59

Health: -12/106    AC: 16    Str: 20    XL:     11   Next: 94%
Magic:  5/5        EV:  9    Int:  9    God:    Makhleb [****..]
Gold:   783        SH:  8    Dex: 19    Spells: 10/10 levels left

rFire    . . .     SeeInvis .   k - +0 war axe (vamp)
rCold    . . .     Gourm    .   n - +2 buckler
rNeg     . . .     Faith    .   G - +0 plate armour
rPois    .         Spirit   .   L - +1 hat
rElec    .         Reflect  .   (no cloak)
rCorr    .         Harm     .   (no gloves)
MR       ++...                  (no boots)
Stlth    ..........             v - amulet of rage
HPRegen  0.00/turn              M - +4 ring of dexterity
MPRegen  0.09/turn              i - ring of protection from magic

@: non-regenerating
A: damage resistance, heal wounds, sense surroundings 2, no regeneration
a: Heal Wounds, Minor Destruction, Lesser Servant of Makhleb, Major Destruction,
Renounce Religion, Evoke Berserk Rage


You were on level 2 of the Lair of Beasts.
You worshipped Makhleb.
Makhleb was greatly pleased with you.
You were not hungry.

You visited 3 branches of the dungeon, and saw 14 of its levels.
You also visited: Volcano.

You collected 783 gold pieces.

Inventory:

Hand Weapons
 b - a +0 executioner's axe of chopping
 k - a +0 vampiric war axe (weapon)
 z - a +1 halberd of chopping
Armour
 n - a +2 buckler (worn)
 G - a +0 plate armour (worn)
 L - a +1 hat (worn)
Jewellery
 i - a ring of protection from magic (right hand)
 q - an uncursed ring of stealth
 v - an amulet of rage (around neck)
 w - an uncursed ring of protection from fire
 M - a +4 ring of dexterity (left hand)
Wands
 o - a wand of iceblast (33)
 I - a wand of clouds (9)
 K - a wand of paralysis (17)
Scrolls
 a - a scroll of vulnerability {unknown}
 j - 3 scrolls of enchant armour
 l - 3 scrolls of remove curse
 m - 6 scrolls of identify
 r - 4 scrolls of random uselessness
 s - 3 scrolls of teleportation
 y - 3 scrolls of enchant weapon
 B - a scroll of amnesia
 D - 3 scrolls of summoning {unknown}
 F - 2 scrolls of noise
Potions
 c - 5 potions of haste {unknown}
 d - 6 potions of might
 e - 3 potions of flight {unknown}
 g - 6 potions of curing
 h - 2 potions of mutation {unknown}
 p - 2 potions of heal wounds {unknown}
 t - 3 potions of lignification {unknown}
 u - a potion of cancellation {unknown}
 x - 2 potions of resistance {unknown}
 A - 4 potions of brilliance {unknown}
 C - a potion of degeneration {unknown}
 J - a potion of berserk rage {unknown}
Comestibles
 f - 6 rations
 H - 13 chunks of flesh


   Skills:
 + Level 9.6 Fighting
 + Level 11.9 Axes
 + Level 11.2 Armour
 - Level 4.7 Dodging
 - Level 4.0 Shields
 + Level 8.4 Invocations


You had 10 spell levels left.
You didn't know any spells.
Your spell library was empty.

Dungeon Overview and Level Annotations

Branches:
Dungeon (11/15)            Temple (1/1) D:6            Lair (2/6) D:8
  Swamp (0/4) Lair:2
  Snake: Lair:2-4    Spider: Lair:2-4       Orc: D:9-12

Altars:
Ashenzari
Cheibriados
Dithmenos
Elyvilon
Fedhas
Gozag
Hepliaklqana
Kikubaaqudgha
Makhleb
Nemelex Xobeh
Okawaru
Qazlal
Ru
Trog
Uskayaw
Vehumet
Wu Jian
Xom
Yredelemnul
Zin
The Shining One

Shops:
D:6 (   D:9 =

Annotations:
D:10 1 runed door, strelocc's ghost, journeyman GnFE


Innate Abilities, Weirdness & Mutations

You are resistant to damage.
You can heal yourself by infusing magical energy.
You passively map the area around you.
You do not regenerate.


Message History

Unknown command.
You closely miss the swamp worm.
The swamp worm is almost dead.
You closely miss the tyrant leech.
You hit the swamp worm but do no damage.
The swamp worm bites you!
* * * LOW HITPOINT WARNING * * *
The swamp worm bites you!
* * * LOW HITPOINT WARNING * * *
The tyrant leech closely misses you.
You feel much better. The swamp worm bites you.
* * * LOW HITPOINT WARNING * * *
You block the swamp worm's attack. The swamp worm barely misses you.
The swamp worm closely misses you. The tyrant leech bites you!!
* * * LOW HITPOINT WARNING * * *
The tyrant leech draws strength from your injuries!
The swamp worm throws harpoon shot at you.
The harpoon shot hits you!
You die...

,* * ######
*## * *
##..#.## ##P#
#.# ,+
#.#....,....#
.. ,, ,
#...P.###...#
, ,
#.P.........#
,, ,
#...P...#.#.#
**
#.w.....#...#
* +
+.#.@....#.##
*
#.ww........#
*
♣♣.♣♣.#..#..#
* ♣≈
♣♣...#### * *
§§ ♣##'### *
, ,+, ♣≈§≈
♣.....## * ,
≈§≈ ♣......#
, ♣♣≈≈
♣.....## , *
♣♣#.....#


You could see a tyrant leech and 2 swamp worms.

Vanquished Creatures
  A two-headed ogre (D:10)
  A hell knight (Volcano)
  Pikel (D:5)
  An ugly thing (Volcano)
  A molten gargoyle (Volcano)
  A centaur skeleton (D:10)
  2 spiny frogs (Lair:1)
  A gargoyle (D:10)
  A rime drake (Lair:1)
  A troll (D:9)
  A hippogriff (Lair:1)
  23 yaks
  2 fire bats (Volcano)
  A wraith (D:10)
  A human (D:3)
  A hungry ghost (D:7)
  Menkaure (D:7)
  3 water moccasins (Lair:1)
  Duvessa (D:6)
  2 porcupines
  4 orc warriors
  2 ice beasts
  2 centaurs
  A sky beast (D:9)
  4 ogres
  A wolf (Lair:2)
  12 crocodiles (Lair:1)
  4 big kobolds
  5 bullfrogs
  Dowan (D:6)
  2 water moccasin zombies
  A wyvern skeleton (D:10)
  6 scorpions
  5 killer bees (D:7)
  3 wights (D:10)
  A howler monkey (D:8)
  2 crimson imps (D:6)
  6 lava snakes (Volcano)
  A centaur zombie (D:10)
  2 orc priests
  A bullfrog zombie (D:9)
  3 hounds
  8 jellies
  5 orc wizards
  4 bullfrog skeletons
  A human skeleton (D:3)
  Ijyb (D:4)
  8 iguanas
  4 worker ants
  2 worker ant zombies
  8 gnolls
  A howler monkey skeleton (D:7)
  11 adders
  A shadow imp (D:8)
  An ooze (D:2)
  An adder zombie (D:7)
  An adder skeleton (D:4)
  A worm (D:2)
  10 leopard geckos
  40 orcs
  2 ball pythons
  5 giant cockroaches
  13 goblins
  14 hobgoblins
  5 jackals
  3 quokkas
  10 bats
  10 frilled lizards
  A jackal skeleton (D:9)
  30 kobolds
  4 rats
  A plant (Lair:2)
322 creatures vanquished.

Vanquished Creatures (collateral kills)
  A hydra (Lair:2)
  A molten gargoyle (Volcano)
  A hell hound (Volcano)
  A wolf (Lair:2)
  A lava snake (Volcano)
5 creatures vanquished.

Grand Total: 327 creatures vanquished

Notes
Turn   | Place    | Note
-------+----------+-------------------------------------------
     0 | D:1      | Napalmbreeze the Deep Dwarf Fighter began the quest for the
                  | Orb.
     0 | D:1      | Reached XP level 1. HP: 20/20 MP: 1/1
   113 | D:1      | Reached XP level 2. HP: 24/27 MP: 2/2
   251 | D:1      | Reached skill level 1 in Dodging
   477 | D:1      | Reached XP level 3. HP: 29/33 MP: 3/3
   857 | D:2      | Reached XP level 4. HP: 34/42 MP: 4/4
  1043 | D:2      | Found a shimmering altar of Xom.
  1053 | D:2      | Found a shimmering altar of Xom.
  1067 | D:2      | Found a shimmering altar of Xom.
  1164 | D:2      | Reached XP level 5. HP: 40/49 MP: 4/4
  1496 | D:3      | Found a runed door.
  1496 | D:3      | Noticed a human
  1504 | D:3      | Found a basalt altar of Yredelemnul.
  1567 | D:3      | Killed a human
  1567 | D:3      | Reached XP level 6. HP: 32/57 MP: 5/5
  1692 | D:3      | Reached skill level 5 in Axes
  2173 | D:4      | You fall through a shaft!
  2173 | D:5      | Entered Level 5 of the Dungeon
  2353 | D:4      | Noticed Ijyb
  2362 | D:4      | Killed Ijyb
  2651 | D:4      | Found a sparkling altar of Nemelex Xobeh.
  2651 | D:4      | Found an opulent altar of Gozag.
  2984 | D:5      | Reached XP level 7. HP: 23/64 MP: 5/5
  3197 | D:5      | Reached skill level 5 in Armour
  3454 | D:5      | Noticed Pikel
  3467 | D:5      | Killed Pikel
  3467 | D:5      | Reached XP level 8. HP: 65/73 MP: 6/6
  3885 | D:6      | Reached skill level 5 in Fighting
  3918 | D:6      | Found a sacrificial altar of Ru.
  3950 | D:6      | Found a staircase to the Ecumenical Temple.
  3956 | Temple   | Entered the Ecumenical Temple
  3997 | Temple   | Became a worshipper of Makhleb the Destroyer
  4045 | D:6      | Found a radiant altar of Vehumet.
  4271 | D:6      | Reached skill level 1 in Invocations
  4593 | D:6      | Found Jungy's Antique Weapon Boutique.
  4628 | D:6      | Found a glowing golden altar of the Shining One.
  4748 | D:6      | Noticed Duvessa
  4751 | D:6      | Noticed Dowan
  4756 | D:6      | Killed Duvessa
  4762 | D:6      | Killed Dowan
  4762 | D:6      | Gained mutation: You passively map the area around you.
                  | [Deep Dwarf growth]
  4762 | D:6      | Reached XP level 9. HP: 59/81 MP: 9/9
  5296 | D:7      | Noticed Menkaure
  5301 | D:7      | Killed Menkaure
  5301 | D:7      | Reached * piety under Makhleb
  5543 | D:7      | Reached skill level 5 in Invocations
  6011 | D:8      | Found a staircase to the Lair.
  6606 | D:8      | Found a hazy altar of Hepliaklqana.
  6863 | D:8      | Found an ancient bone altar of Kikubaaqudgha.
  6863 | D:8      | Found a blossoming altar of Fedhas.
  7103 | D:9      | Reached ** piety under Makhleb
  7120 | D:9      | Reached XP level 10. HP: 90/92 MP: 8/8
  7348 | D:9      | Found Adoxoipu's Jewellery Boutique.
  7432 | D:10     | Entered Level 10 of the Dungeon
  7458 | D:10     | Noticed a gargoyle
  7473 | D:10     | Killed a gargoyle
  7580 | D:10     | Noticed a two-headed ogre
  7599 | D:10     | Killed a two-headed ogre
  7599 | D:10     | Reached skill level 10 in Axes
  7705 | D:10     | Reached *** piety under Makhleb
  7869 | D:10     | Found a runed door.
  7869 | D:10     | Found a shimmering altar of Xom.
  7869 | D:10     | Noticed a long sword of chaos
  7869 | D:10     | Noticed strelocc's ghost (journeyman GnFE)
  8213 | D:10     | Noticed a red ugly thing
  8249 | D:10     | Reached XP level 11. HP: 103/103 MP: 11/11
  8469 | D:11     | Noticed a two-headed ogre
  8534 | Lair:1   | Entered Level 1 of the Lair of Beasts
  8580 | Lair:1   | Identified 2 scrolls of acquirement
  8603 | Lair:1   | Reached **** piety under Makhleb
  8805 | Lair:1   | Reached skill level 10 in Armour
  8826 | Lair:1   | HP: 2/104 [spiny frog (6)]
  8884 | Lair:1   | Found a dark tunnel.
  8890 | Volcano  | Entered a volcano
  9340 | Volcano  | Found a radiant altar of Vehumet.
  9340 | Volcano  | Noticed a sun demon
  9375 | Volcano  | Noticed a red ugly thing
  9390 | Volcano  | Killed a red ugly thing
  9409 | Volcano  | HP: 5/104 [molten gargoyle/morningstar (3)]
  9409 | Volcano  | HP: 2/104 [molten gargoyle/morningstar (3)]
  9453 | Volcano  | Noticed a hell knight
  9462 | Volcano  | Killed a hell knight
 10377 | Lair:2   | Noticed a six-headed hydra
 10408 | Lair:2   | Killed a seven-headed hydra
 10539 | Lair:2   | Found a staircase to the Swamp.
 10551 | Lair:2   | HP: 2/106 [swamp worm (7)]
 10553 | Lair:2   | Killed from afar by a swamp worm

Vault maps used:
D:1:      dpeg_arrival_leaves_temple_mockup
D:2:      xom_redecorated, minivault_26
D:3:      dk_yredelemnul_ordeal
D:4:      grunt_temple_overflow_opulence, first_ration, uniq_ijyb
D:5:      uniq_pikel
D:6:      kennysheep_mini, fiery_altar_vehumet, nicolae_ru_the_path_less_chosen,
          minmay_temple_entry_statues_pillars, serial_shops,
          nicolae_shop_crystal, uniq_duvessa
D:7:      uniq_menkaure
D:8:      grunt_temple_overflow_growth_and_decay, lemuel_round_altar,
          lair_entry_dummy
D:9:      serial_shops, kennysheep_little_box
D:10:     ebering_ghost_xom
D:11:     ebering_ghost_disaster_area
Temple:   cyrus_circular_temple
Lair:1:   lemuel_reptile_caves, nicolae_volcano_entry_s_turn
Lair:2:   minmay_swamp_entry_worms, grunt_forest_stairs_clearing
Volcano:  volcano_lake

Skill      XL: |  1  2  3  4  5  6  7  8  9 10 11 |
---------------+----------------------------------+-----
Dodging        | 1 2 3 4 |  4.7
Axes           | 3 4 5 7 8 9 10 11 | 11.9
Fighting       | 3 4 5 6 8 9 |  9.6
Armour         | 4 5 6 8 9 11 | 11.2
Shields        | 4 |  4.0
Invocations    | 3 6 8 |  8.4

Action                   |  1- 3 |  4- 6 |  7- 9 | 10-12 || total
-------------------------+-------+-------+-------+-------++-------
Melee: War axe           |    68 |   232 |   432 |   456 ||  1188
       Executioner's axe |       |       |       |   146 ||   146
Invok: Minor Destruction |       |       |       |     8 ||     8
       Lesser Servant of |       |       |       |     6 ||     6
 Abil: Heal Wounds       |       |     7 |    15 |    30 ||    52
       Evoke Berserk Rag |       |       |     1 |       ||     1
  Use: Scroll            |       |       |     4 |    12 ||    16
  Eat: Chunk             |       |     6 |     6 |    10 ||    22
       Ration            |       |     1 |     6 |     2 ||     9
Armor: Scale mail        |    41 |    70 |     1 |       ||   112
       Chain mail        |       |       |   139 |       ||   139
       Plate armour      |       |       |    35 |   295 ||   330
Dodge: Dodged            |    31 |    91 |   189 |   300 ||   611
Block: Shield            |    44 |    40 |       |       ||    84
       Buckler           |       |    32 |   175 |   141 ||   348

Table legend:
 A = Non-vault XP
 B = Vault XP
 C = Vault XP percentage of total XP
 D = Non-vault monster count
 E = Vault monster count
 F = Vault count percentage of total count
                 A         B        C        D         E       F
            +---------+---------+-------+---------+---------+-------
      Total |   15445 |    5772 |  27.2 |     275 |      51 |  15.6
            +---------+---------+-------+---------+---------+-------
        D:1 |      44 |       0 |   0.0 |      26 |       0 |   0.0
        D:2 |     166 |       0 |   0.0 |      29 |       0 |   0.0
        D:3 |     179 |     234 |  56.7 |      21 |       2 |   8.7
        D:4 |      33 |      36 |  52.2 |       9 |       1 |  10.0
        D:5 |     486 |     651 |  57.3 |      14 |       1 |   6.7
        D:6 |     856 |     228 |  21.0 |      18 |       2 |  10.0
        D:7 |    1366 |     169 |  11.0 |      35 |       1 |   2.8
        D:8 |     347 |       0 |   0.0 |       7 |       0 |   0.0
        D:9 |    2453 |       0 |   0.0 |      33 |       0 |   0.0
       D:10 |    3931 |       0 |   0.0 |      56 |       0 |   0.0
     Lair:1 |    3768 |    1467 |  28.0 |      19 |      28 |  59.6
     Lair:2 |    1816 |     173 |   8.7 |       8 |       2 |  20.0
    Volcano |       0 |    2814 | 100.0 |       0 |      14 | 100.0
            +---------+---------+-------+---------+---------+-------
